 Dungeon Crawl Stone Soup version 0.20.0-15-g7f486f2 (webtiles) character file.

187 Chiseanne the Skirmisher (level 5, -21/42 HPs)
             Began as a Demonspawn Wanderer on June 10, 2017.
             Killed from afar by Ijyb (24 damage)
             ... with a wand of lightning (?/15)
             ... on level 4 of the Dungeon.
             The game lasted 00:07:26 (4552 turns).

Chiseanne the Skirmisher (Demonspawn Wanderer)      Turns: 4552, Time: 00:07:27

Health: -21/42     AC:  8    Str: 14    XL:     5   Next: 39%
Magic:  5/5        EV: 12    Int: 11    God:
Gold:   233        SH:  0    Dex: 14    Spells: 4/4 levels left

rFire    . . .     SeeInvis .   v - +0 blowgun
rCold    . . .     Gourm    .   (no shield)
rNeg     . . .     Faith    .   t - +0 ring mail
rPois    .         Spirit   .   (no helmet)
rElec    .         Reflect  .   r - +1 cloak
rCorr    .         Harm     .   (no gloves)
MR       .....                  (no boots)
Stlth    +.........             (no amulet)
Regen    0.2/turn               (no ring)
MPRegen  0.1/turn               (no ring)

@: no status effects
A: rugged brown scales 1, powered by death 1
a: no special abilities


You were on level 4 of the Dungeon.
You were not hungry.

You visited 1 branch of the dungeon, and saw 4 of its levels.

You collected 233 gold pieces.

Inventory:

Hand Weapons
 a - a +2 dagger
 e - a +0 blowgun
 m - a +0 mace
 v - a +0 blowgun (weapon)
 A - a +0 rapier
Missiles
 c - 58 stones
 d - 68 poisoned needles (quivered)
 j - 45 sling bullets
 x - 3 tomahawks
 y - 24 arrows
Armour
 r - a +1 cloak (worn)
 t - a +0 ring mail (worn)
Scrolls
 i - a scroll of blinking
 q - 2 scrolls of remove curse
Potions
 b - 2 potions of heal wounds
 f - a potion of curing
 h - a potion of mutation {unknown}
 l - a potion of lignification {unknown}
 o - 2 potions of flight
 p - a potion of might {unknown}
 s - 2 potions of agility
 w - a potion of cancellation
Comestibles
 g - 7 bread rations
 k - 2 chunks of flesh
 n - 5 fruits
 z - a royal jelly


   Skills:
 * Level 3.5 Fighting
 - Level 1.0 Throwing
 * Level 1.5 Armour
 * Level 2.9 Dodging
 - Level 1.7 Stealth
 - Level 1.7 Unarmed Combat
   Level 1.0 Hexes
   Level 2.1 Necromancy
   Level 1.0 Evocations


You had 4 spell levels left.
You didn't know any spells.

Dungeon Overview and Level Annotations

Branches:
Dungeon (4/15)
 Temple: D:4-7

Altars:
Hepliaklqana
Kikubaaqudgha
Okawaru
Uskayaw
Vehumet
Yredelemnul

Annotations:
D:3 2 transporters, Menkaure
D:4 Ijyb


Innate Abilities, Weirdness & Mutations

You are partially covered in rugged brown scales. (AC +1, +3% HP)
You regenerate a little health from kills.


Message History

Okay, then.
Wield which item (- for none, * to show all)? (? for menu, Esc to quit)
v - a +0 blowgun (weapon)
Firing (i - inventory. (,) - cycle):
d - 70 poisoned needles (quivered)
Press: ? - help, Shift-Dir - straight line, f - Ijyb
Aim: Ijyb, wielding a club and wearing a ring mail You shoot a poisoned needle.
The poisoned needle hits Ijyb.
Ijyb is poisoned.
Ijyb zaps a wand.
The bolt of lightning hits you!
It is a wand of lightning (?/15).
Firing (i - inventory. (,) - cycle):
d - 69 poisoned needles (quivered)
Press: ? - help, Shift-Dir - straight line, f/p - Ijyb
Aim: Ijyb, wielding a club, wearing a ring mail and carrying a wand of lightning (?/15) {zapped: 1} (poisoned)
You shoot a poisoned needle. The poisoned needle hits Ijyb.
Ijyb looks even sicker.
Ijyb zaps a wand.
The bolt of lightning hits you!
Ouch! That really hurt!
* * * LOW HITPOINT WARNING * * *
The bolt of lightning hits you!
Ouch! That really hurt!
You die...

#.# #.#
#(. #g#
#.# #.#
#.#
#####.####
#.....@..#
#.###.##.#
#.# # ...
<../ ##...
#...# ...


You could see Ijyb.

Vanquished Creatures
  An orc wizard (D:3)
  7 adders
  2 oozes (D:3)
  A worm (D:3)
  2 dart slugs (D:1)
  A leopard gecko (D:2)
  4 orcs (D:3)
  5 giant cockroaches
  10 goblins
  9 hobgoblins
  6 jackals
  7 kobolds
  A quokka (D:2)
  8 bats
  2 frilled lizards (D:1)
  7 rats
73 creatures vanquished.

Notes
Turn   | Place    | Note
-------+----------+-------------------------------------------
     0 | D:1      | Chiseanne the Demonspawn Wanderer began the quest for the Orb.
     0 | D:1      | Chiseanne set off with: a +2 dagger, a potion of heal wounds, the Guide on Good Luck, 12 poisoned needles, a +0 blowgun, a +0 robe, a bread ration
     0 | D:1      | Reached XP level 1. HP: 15/15 MP: 1/1
     0 | D:1      | Identified the Guide on Good Luck
   289 | D:1      | Reached skill level 1 in Dodging
   304 | D:1      | Gained mutation: You are partially covered in rugged brown scales. (AC +1, +3% HP) [demonic ancestry]
   304 | D:1      | Reached XP level 2. HP: 13/21 MP: 2/2
   531 | D:1      | Reached skill level 2 in Fighting
   843 | D:1      | Reached XP level 3. HP: 14/27 MP: 3/3
  1418 | D:2      | Found an iron altar of Okawaru.
  2372 | D:3      | Found a hazy altar of Hepliaklqana.
  2424 | D:3      | Found a transporter.
  2438 | D:3      | Gained mutation: You regenerate a little health from kills. [demonic ancestry]
  2438 | D:3      | Reached XP level 4. HP: 24/35 MP: 4/4
  2589 | D:3      | Found a transporter.
  2589 | D:3      | Found an ancient bone altar of Kikubaaqudgha.
  2593 | D:3      | Noticed Menkaure
  2599 | D:3      | Found a basalt altar of Yredelemnul.
  2601 | D:3      | Noticed a necrophage
  2855 | D:3      | Reached skill level 3 in Fighting
  2971 | D:3      | Found a radiant altar of Vehumet.
  3306 | D:3      | Reached skill level 1 in Armour
  3405 | D:3      | Found a hide-covered altar of Uskayaw.
  3405 | D:3      | Noticed a dagger
  3405 | D:3      | Noticed a dagger
  3675 | D:3      | Reached XP level 5. HP: 38/42 MP: 5/5
  4547 | D:4      | Noticed Ijyb
  4552 | D:4      | Killed from afar by Ijyb

Skill      XL: |  1  2  3  4 |
---------------+-------------+-----
Dodging        | 1 2 |  2.9
Fighting       | 2 3 |  3.5
Armour         | 1 |  1.5
Throwing       | |  1.0
Stealth        | |  1.7
Unarmed Combat | |  1.7
Hexes          | |  1.0
Necromancy     | |  2.1
Evocations     | |  1.0

Action                   |  1- 3 |  4- 6 || total
-------------------------+-------+-------++-------
Melee: Dagger            |   215 |   188 ||   403
       Punch             |     1 |     1 ||     2
 Fire: Blowgun           |       |     2 ||     2
Throw: Stone             |       |     4 ||     4
       Tomahawk          |       |     2 ||     2
  Use: Scroll            |       |     8 ||     8
 Stab: Sleeping          |     3 |     1 ||     4
  Eat: Chunk             |     5 |     5 ||    10
       Fruit             |       |     2 ||     2
Armor: Robe              |    27 |       ||    27
       Ring mail         |    42 |    69 ||   111
Dodge: Dodged            |   137 |   101 ||   238
